 Dungeon Crawl Stone Soup version 0.32-a0-909-gc671339a80 (webtiles) character file.

Game seed: 5078200340717078158

14980 olmar the Arsonist (level 11, -1/82 HPs)
             Began as a Mountain Dwarf Fire Elementalist on Apr 5, 2024.
             Was an Initiate of Gozag.
             Killed themself with a badly aimed concussive blast (14 damage)
             ... on level 11 of the Dungeon on Apr 6, 2024.
             The game lasted 00:27:30 (15790 turns).

olmar the Arsonist (MDFE)                          Turns: 15790, Time: 00:27:31

Health: -1/82      AC: 14    Str: 14    XL:     11   Next: 95%
Magic:  9/25       EV: 10    Int: 25    God:    Gozag
Gold:   1003       SH:  6    Dex: 10    Spells: 17/30 levels left

rFire   + . .        z - staff of fire
rCold   + + .        L - +3 warlock's mirror {omnireflect}
rNeg    . . .        w - +2 leather armour {rC+}
rPois   .            T - +2 helmet of Wu Jian's Reproof {rC+ Str+2}
rElec   .            s - scarf {harm}
rCorr   .            (no gloves)
SInv    .            l - +0 pair of boots
Will    +....        (no amulet)
Stlth   +            k - +4 ring of protection
HPRegen 0.33/turn    p - +6 ring of intelligence
MPRegen 0.19/turn

%: harm (+30% outgoing, +20% incoming), reflection
@: gold aura
A: runic magic, artefact enchanting
a: Renounce Religion, Potion Petition, Call Merchant, Bribe Branch


You were on level 11 of the Dungeon.
You worshipped Gozag.
Gozag was most pleased with you.
You visited 2 branches of the dungeon, and saw 12 of its levels.
You also visited: Bailey.

You collected 2826 gold pieces.
You spent 1740 gold pieces at shops.
You paid 83 gold pieces to Gozag.

Inventory:

Hand Weapons
 I - the +7 morningstar "Noekkin" {freeze, rF++ Will- Stlth+}
   (You found it on level 7 of the Dungeon)

   rF++:      It greatly protects you from fire.
   Will-:     It decreases your willpower.
   Stlth+:    It makes you more stealthy.
Missiles
 d - 15 poisoned darts
 S - a curare-tipped dart
Armour
 l - a +0 pair of boots (worn)
 q - +0 gold dragon scales
 s - a scarf of harm (worn)
 w - a +2 leather armour of cold resistance (worn)
 L - the +3 warlock's mirror (worn) {omnireflect}
   (You found it in a bailey)

   Omnireflect: It can block and reflect piercing ranged attacks and magical
   attacks against the wielder's willpower.
 T - the +2 helmet of Wu Jian's Reproof (worn) {rC+ Str+2}
   (You found it on level 9 of the Dungeon)

   Str+2:     It affects your strength (+2).
   rC+:       It protects you from cold.
Magical Staves
 h - a staff of death
 i - a staff of earth
 u - a staff of air
 z - a staff of fire (weapon)
Jewellery
 k - a +4 ring of protection (left hand)
 p - a +6 ring of intelligence (right hand)
 x - a ring of protection from cold
 B - a +5 ring of evasion
 G - a ring of flight
 J - a +6 ring of strength
 Q - a +4 ring of protection
Wands
 a - a wand of quicksilver (22)
 K - a wand of charming (8)
 O - a wand of mindburst (8)
 V - a wand of digging (4)
 X - a wand of flame (4)
Scrolls
 e - 2 scrolls of enchant weapon
 f - a scroll of fog
 r - 5 scrolls of fear
 t - 5 scrolls of noise
 A - 2 scrolls of identify
 C - 2 scrolls of revelation
 F - 3 scrolls of enchant armour
 U - a scroll of amnesia
 W - a scroll of silence
Potions
 b - 3 potions of magic
 c - a potion of degeneration
 g - 14 potions of curing
 j - a potion of mutation
 m - 2 potions of cancellation
 n - a potion of resistance
 o - 2 potions of heal wounds
 v - 2 potions of attraction
 E - a potion of invisibility
 H - 7 potions of enlightenment
 M - a potion of berserk rage
 N - 2 potions of might
 Y - 4 potions of brilliance
 Z - 3 potions of haste
Miscellaneous
 P - a sack of spiders (inert)


   Skills:
 + Level 3.4 Fighting
 - Level 0.6(2.0) Maces & Flails
 + Level 2.7(2.8) Staves
 + Level 5.8 Armour
 - Level 1.5 Dodging
 - Level 1.4 Stealth
 + Level 0.8 Shields
 + Level 10.1 Spellcasting
 + Level 5.7 Conjurations
 + Level 4.0 Hexes
 + Level 14.1 Fire Magic
 + Level 2.0 Evocations


You had 17 spell levels left.
You knew the following spells:

 Your Spells              Type           Power      Damage    Failure   Level
a - Foxfire               Conj/Fire      100%       2x1d9     1%          1
b - Scorch                Fire           100%       2d9       1%          2
c - Inner Flame           Hex/Fire       72%        N/A       1%          3
d - Flame Wave            Conj/Fire      76%        2d17      1%          4
e - Volatile Blastmotes   Fire/Tloc      100%       2d18      1%          3

Your spell library contained the following spells:

 Spells                   Type           Power      Damage    Failure   Level
 Magic Dart               Conj           100%       1d8       1%          1
 Sting                    Conj/Alch      100%       1d9       2%          1
 Apportation              Tloc           24%        N/A       7%          1
 Necrotise                Necr           48%        1d6       7%          1
 Summon Small Mammal      Summ           48%        N/A       7%          1
 Blink                    Tloc           24%        N/A       11%         2
 Call Imp                 Summ           24%        N/A       11%         2


Dungeon Overview and Level Annotations

Branches:
Dungeon (11/15)            Temple (1/1) D:4            Lair (0/5) D:10
 Bailey (visited)
    Orc: D:9-12

Altars:
Ashenzari
Cheibriados
Dithmenos
Elyvilon
Fedhas
Gozag
Hepliaklqana
Kikubaaqudgha
Makhleb
Nemelex Xobeh
Okawaru
Qazlal
Ru
Sif Muna
Trog
Uskayaw
Vehumet
Wu Jian
Xom
Yredelemnul
Zin
The Shining One

Shops:
D:2 (!!(   D:3 [[

Annotations:
D:9 2 transporters, pascalblue's ghost, novice DESu


Innate Abilities, Weirdness & Mutations

Your spellcasting is much less encumbered by armour.
You can use scrolls of enchantment on lesser artefacts.


Message History

Unknown command.
The cloud of blastmotes explodes!
The concussive blast engulfs the skeletal warrior.
The skeletal warrior is severely damaged.
The concussive blast engulfs you. You resist.
Casting: Volatile Blastmotes (safe; 1% risk of failure)
Confirm with . or Enter, or press ? or * to list all spells.
You feel a surge of power!
A cloud of volatile blastmotes flares up around you!
Run!
The skeletal warrior hits you with a +0 war axe!
* * * LOW HITPOINT WARNING * * *
Unknown command.
The skeletal warrior attacks as it pursues you!
The skeletal warrior barely misses you.
The cloud of blastmotes explodes!
The concussive blast engulfs the skeletal warrior but does no damage.
The skeletal warrior is severely damaged.
The concussive blast engulfs you. You resist.
* * * LOW HITPOINT WARNING * * *
You are knocked back by the blast.
Casting: Volatile Blastmotes (safe; 1% risk of failure)
Confirm with . or Enter, or press ? or * to list all spells.
You feel a surge of power!
A cloud of volatile blastmotes flares up around you!
Run!
The skeletal warrior attacks as it pursues you!
The skeletal warrior misses you.
The cloud of blastmotes explodes!
The concussive blast engulfs the skeletal warrior!
The skeletal warrior is almost destroyed.
The concussive blast engulfs you but does no damage.
You are knocked back by the blast.
Unknown command.
Casting: Volatile Blastmotes (safe; 1% risk of failure)
Confirm with . or Enter, or press ? or * to list all spells.
You feel a surge of power!
A cloud of volatile blastmotes flares up around you!
Run!
The cloud of blastmotes explodes!
The concussive blast engulfs the skeletal warrior!
You destroy the skeletal warrior!
The concussive blast engulfs you! You resist.
You die...
Your body crumbles into a pile of gold.

#......# #.####.....#
#.####.# #.##.......#
#.# #.#
#.##.###.#.#########
..####.# #.##.#
###.)......(# .......#
#.##.# #########.#
#####..### #.##.# #.#
#....# #.##.# ####.# #
#.##.# #.##$# ##....#
### #.##.# #.##@#
#..##.# ..# #.##.#
#.##.# #$###### #.#
#.##.# #.##.# #.#..#.#
#.###.##.####.##.#
##.#.#.#
#.............##.#
#.#$#.#
.......#.#######.#
####[#..
######.....).....######
#$..#$#.
###..............# #$^$
#.# #.############.#
#### #.


There were no monsters in sight!

Vanquished Creatures
  Snorg (D:11)
  Erica (D:8)
  2 two-headed ogres
  A skeletal warrior (D:11)
  2 orc knights
  2 manticores (D:11)
  An ugly thing (D:11)
  A gargoyle (D:11)
  4 trolls
  A shadow (D:10)
  2 wyverns
  A vampire (D:11)
  4 wraiths
  21 yaks
  An acid dragon (D:10)
  A water moccasin (D:9)
  10 orc warriors
  2 ice beasts (D:7)
  2 black bears
  3 sky beasts
  3 ogres
  2 wolves (D:10)
  A centaur (D:10)
  A phantom (D:5)
  A bullfrog (shapeshifter) (D:11)
  2 kobold brigands
  4 bullfrogs
  3 scorpions
  3 wights (D:9)
  3 electric eels (D:10)
  5 howler monkeys
  A bombardier beetle (D:6)
  2 gnoll boudas
  9 hounds
  7 orc priests
  2 sleepcaps
  An iguana (D:4)
  2 orc wizards
  6 gnolls
  7 adders
  2 shadow imps (D:8)
  2 white imps (D:7)
  7 ufetubi
  A ribbon worm (D:3)
  A dart slug (D:4)
  19 orcs
  5 ball pythons
  4 bats
  7 endoplasms
  A giant cockroach (D:4)
  13 goblins
  11 hobgoblins
  10 jackals
  24 kobolds
  3 quokkas
  A frilled lizard (D:2)
  9 rats
248 creatures vanquished.

Vanquished Creatures (collateral kills)
  An efreet (D:11)
  A troll (D:10)
2 creatures vanquished.

Vanquished Creatures (others)
  A centaur warrior (D:11)
  578 foxfires
579 creatures vanquished.

Grand Total: 829 creatures vanquished

Notes
Turn   | Place    | Note
-------+----------+-------------------------------------------
     0 | D:1      | olmar the Mountain Dwarf Fire Elementalist began the quest
                  | for the Orb.
     0 | D:1      | Reached XP level 1. HP: 14/14 MP: 3/3
    95 | D:1      | Reached skill level 4 in Fire Magic
   145 | D:1      | Reached XP level 2. HP: 18/20 MP: 2/4
   167 | D:1      | Reached skill level 1 in Conjurations
   525 | D:1      | Learned a level 2 spell: Scorch
   573 | D:1      | Reached XP level 3. HP: 21/26 MP: 1/6
  1037 | D:2      | Found Noeg's Distillery.
  1198 | D:2      | Learned a level 3 spell: Inner Flame
  1279 | D:2      | Found Kolaawna's Antique Weapon Shoppe.
  1297 | D:2      | Found a hazy altar of Hepliaklqana.
  1449 | D:2      | Reached skill level 1 in Armour
  1625 | D:2      | Found Kiba Vom's Distillery.
  1721 | D:2      | Found Vyniely's Weapon Emporium.
  1785 | D:3      | Noticed a black bear
  2129 | D:3      | Reached XP level 4. HP: 33/33 MP: 1/7
  2318 | D:3      | Found a broken altar of Ashenzari.
  2318 | D:3      | Found a blossoming altar of Fedhas.
  2371 | D:3      | Found Xugegaist's Antique Armour Shop.
  2378 | D:3      | Found Edeqeo's Distillery.
  2441 | D:3      | Found Sioh's Armour Shop.
  2457 | D:3      | Killed a black bear
  2458 | D:3      | Reached skill level 5 in Fire Magic
  2458 | D:3      | Reached XP level 5. HP: 39/39 MP: 3/9
  3943 | D:4      | Found a staircase to the Ecumenical Temple.
  3955 | Temple   | Entered the Ecumenical Temple
  3978 | Temple   | Became a worshipper of Gozag Ym Sagoz the Greedy
  4047 | D:5      | Entered Level 5 of the Dungeon
  4047 | D:5      | Noticed an ogre
  4050 | D:5      | Killed an ogre
  4051 | D:5      | Reached skill level 1 in Fighting
  4051 | D:5      | Reached skill level 1 in Staves
  4051 | D:5      | Reached XP level 6. HP: 47/47 MP: 5/11
  4269 | D:5      | Noticed a two-headed ogre
  4275 | D:5      | Killed a two-headed ogre
  4276 | D:5      | Reached skill level 7 in Fire Magic
  4276 | D:5      | Reached XP level 7. HP: 53/53 MP: 7/13
  4507 | D:5      | Reached XP level 8. HP: 61/61 MP: 10/14
  4634 | D:5      | Learned a level 4 spell: Flame Wave
  5358 | D:6      | Reached skill level 5 in Spellcasting
  5781 | D:6      | Reached skill level 8 in Fire Magic
  5858 | D:6      | Reached skill level 5 in Armour
  6438 | D:7      | Reached XP level 9. HP: 67/67 MP: 11/18
  6446 | D:7      | Reached skill level 9 in Fire Magic
  6449 | D:7      | Identified the +7 morningstar "Noekkin" {freeze, rF++ Will-
                  | Stlth+}
  6618 | D:7      | Found an iron altar of Okawaru.
  6824 | D:7      | Found a sparkling altar of Nemelex Xobeh.
  7039 | D:7      | Found a glowing silver altar of Zin.
  7045 | D:7      | Found an ancient bone altar of Kikubaaqudgha.
  7048 | D:7      | Found a hazy altar of Hepliaklqana.
  7227 | D:8      | Found a flagged portal.
  7242 | Bailey   | Entered a bailey
  7249 | Bailey   | Learned a level 3 spell: Volatile Blastmotes
  7268 | Bailey   | Noticed an orc knight
  7498 | Bailey   | Reached skill level 10 in Fire Magic
  7829 | Bailey   | Found the +3 warlock's mirror {omnireflect}
  8039 | Bailey   | Killed an orc knight
  8040 | Bailey   | Reached skill level 1 in Hexes
  8447 | D:8      | Noticed Erica
  8453 | D:8      | Killed Erica
  8454 | D:8      | Reached XP level 10. HP: 74/74 MP: 11/21
  9037 | D:8      | Reached skill level 11 in Fire Magic
 10319 | D:9      | Identified the +2 helmet of Wu Jian's Reproof {rC+ Str+2}
 10991 | D:9      | Found a radiant altar of Vehumet.
 11168 | D:9      | Reached skill level 1 in Evocations
 11397 | D:9      | Reached skill level 12 in Fire Magic
 11770 | D:3      | Bought a potion of brilliance for 44 gold pieces
 11770 | D:3      | Bought a potion of brilliance for 44 gold pieces
 11770 | D:3      | Bought a potion of curing for 33 gold pieces
 11770 | D:3      | Bought a potion of curing for 33 gold pieces
 11770 | D:3      | Bought a potion of curing for 33 gold pieces
 11770 | D:3      | Bought a potion of curing for 33 gold pieces
 11770 | D:3      | Bought a potion of enlightenment for 55 gold pieces
 11770 | D:3      | Bought a potion of haste for 110 gold pieces
 11770 | D:3      | Bought a potion of heal wounds for 55 gold pieces
 11770 | D:3      | Bought a potion of haste for 110 gold pieces
 11770 | D:3      | Bought a potion of heal wounds for 55 gold pieces
 11770 | D:3      | Bought a potion of enlightenment for 55 gold pieces
 11781 | D:3      | Bought a fading chain mail for 228 gold pieces
 11781 | D:3      | Identified the +0 chain mail of Bitterness {^Drain Str+3
                  | Stlth+} (You bought it in a shop on level 3 of the Dungeon)
 11820 | D:2      | Bought a potion of magic for 96 gold pieces
 11820 | D:2      | Bought a potion of magic for 96 gold pieces
 11820 | D:2      | Bought a potion of heal wounds for 60 gold pieces
 11820 | D:2      | Bought a potion of degeneration for 12 gold pieces
 11820 | D:2      | Bought a potion of brilliance for 48 gold pieces
 11820 | D:2      | Bought a potion of curing for 36 gold pieces
 11820 | D:2      | Bought a potion of might for 48 gold pieces
 11827 | D:2      | Bought a potion of curing for 36 gold pieces
 11827 | D:2      | Bought a potion of curing for 36 gold pieces
 11827 | D:2      | Bought a potion of curing for 36 gold pieces
 11827 | D:2      | Bought a potion of heal wounds for 60 gold pieces
 11827 | D:2      | Bought a potion of haste for 120 gold pieces
 11827 | D:2      | Bought a potion of enlightenment for 60 gold pieces
 11827 | D:2      | Bought a potion of heal wounds for 60 gold pieces
 11827 | D:2      | Bought a potion of brilliance for 48 gold pieces
 12033 | D:9      | Found a transporter.
 12033 | D:9      | Noticed a two-headed ogre
 12034 | D:9      | Noticed pascalblue's ghost (novice DESu)
 12034 | D:9      | Identified the +1 great mace of the Hidden Tables {holy,
                  | rElec Int+5}
 12034 | D:9      | Noticed a two-headed ogre
 12036 | D:9      | Noticed a two-headed ogre
 12037 | D:9      | Noticed a two-headed ogre
 12040 | D:9      | Found a transporter.
 12227 | D:10     | Entered Level 10 of the Dungeon
 12558 | D:10     | Reached skill level 5 in Conjurations
 12588 | D:10     | Reached XP level 11. HP: 22/80 MP: 7/23
 12865 | D:10     | Found a staircase to the Lair.
 13573 | D:11     | Noticed Snorg
 13595 | D:11     | Killed Snorg
 13613 | D:11     | Reached skill level 13 in Fire Magic
 14026 | D:11     | Noticed a cyan ugly thing
 14031 | D:11     | Killed a cyan ugly thing
 14768 | D:11     | Noticed a two-headed ogre
 14773 | D:11     | Killed a two-headed ogre
 15212 | D:11     | Noticed an orc knight
 15218 | D:11     | Noticed a centaur warrior
 15221 | D:11     | Killed an orc knight
 15222 | D:11     | Reached skill level 10 in Spellcasting
 15222 | D:11     | Reached skill level 14 in Fire Magic
 15225 | D:11     | Noticed an ogre mage
 15229 | D:11     | Noticed a seven-headed hydra
 15230 | D:11     | Noticed a seven-headed hydra
 15537 | D:11     | Noticed a seven-headed hydra
 15753 | D:11     | Noticed a skeletal warrior
 15759 | D:11     | Upgraded the game from 0.32-a0-900-g30fb1b0edc to
                  | 0.32-a0-909-gc671339a80
 15761 | D:11     | HP: 4/82 [skeletal warrior/+0 war axe (27)]
 15790 | D:11     | Killed a skeletal warrior
 15790 | D:11     | Killed themself with a badly aimed concussive blast

Illustrated notes

Levels and vault maps discovered:
D:1:      roadster_arrival_rocket_small, layout_basic,
          chequers_serial_rivers_micro_e
D:2:      layout_rooms, basic_altar, serial_shops, nicolae_shop_dealshenge,
          nicolae_shop_tiny_statue_garden, shop, shop,
          chequers_hall_statues_corner_a
D:3:      cheibrodos_helix_gallery, layout_loops_ring,
          gammafunk_temple_overflow_elements, serial_shops, shop, shop, shop,
          minmay_misc_feat_square, minmay_misc_feat_columns,
          minmay_misc_feat_secret_circle, hangedman_decor_growths
D:4:      layout_rooms, temple_hall, hangedman_decor_push
D:5:      layout_rooms, serial_library, serial_library_hellmonk_layered_room,
          serial_library_regret_index_double_sided,
          serial_library_hellmonk_long_bookcase,
          serial_library_regret_index_branch_corner,
          serial_library_hellmonk_angled_corner,
          serial_library_hellmonk_semicircle, serial_library_hellmonk_u_bend,
          serial_library_regret_index_multi, minmay_crystal_room,
          serial_bayou_pond_b
D:6:      layout_loops_corners, minmay_misc_feat_rugged
D:7:      layout_rooms, mainiacjoe_overflow_catwalk,
          mainiacjoe_overflow_alcove_4, minmay_overflow_temple_star_quad
D:8:      minmay_angry_zag, layout_layer_cave, enter_bailey_3, uniq_erica
D:9:      layout_loops_ring, nicolae_vehumet_radiance, gammafunk_ghost_smash
D:10:     layout_basic, erik_lair_island
D:11:     minmay_tearing_corner, layout_loops_ring, uniq_snorg
Temple:   minmay_temple_curvy_branch

Skill      XL: |  1  2  3  4  5  6  7  8  9 10 11 |
---------------+----------------------------------+-----
Fire Magic     | 4 5 7 8 10 12 14 | 14.1
Conjurations   | 1 2 3 4 5 |  5.7
Spellcasting   | 2 3 4 6 7 8 10 | 10.1
Armour         | 1 2 4 5 |  5.8
Fighting       | 1 2 3 |  3.4
Staves         | 1 2 |  2.7
Hexes          | 2 4 |  4.0
Evocations     | 1 2 |  2.0
Maces & Flails | |  0.6
Dodging        | |  1.5
Stealth        | |  1.4
Shields        | |  0.8

Action                     |  1- 3 |  4- 6 |  7- 9 | 10-12 || total
---------------------------+-------+-------+-------+-------++-------
  Melee: Unarmed           |     5 |       |       |       ||     5
         Club              |    29 |       |       |       ||    29
         Staff             |    33 |    38 |    32 |    30 ||   133
  Throw: Dart              |       |       |    15 |    15 ||    30
         Throwing net      |       |       |       |     1 ||     1
   Cast: Foxfire           |    51 |    23 |   101 |   165 ||   340
         Scorch            |     9 |    10 |    45 |    53 ||   117
         Flame Wave        |       |       |     2 |     3 ||     5
         Inner Flame       |       |       |    10 |    51 ||    61
         Volatile Blastmot |       |       |       |     8 ||     8
  Evoke: Wand              |       |       |       |    14 ||    14
         Sack of spiders   |       |       |       |     1 ||     1
    Use: Scroll            |     5 |     5 |    10 |     5 ||    25
         Potion            |       |       |       |     4 ||     4
 Armour: Robe              |     3 |       |       |       ||     3
         Ring mail         |    83 |    53 |     6 |       ||   142
         Leather armour    |       |       |    59 |    86 ||   145
  Dodge: Dodged            |    53 |    29 |    28 |    46 ||   156
  Block: Buckler           |       |       |       |    21 ||    21
         Reflection        |       |       |       |     3 ||     3

Table legend: (Time is in decaauts)
 A = Elapsed time spent in this place.
 B = Non-inter-level travel time spent in this place.
 C = Inter-level travel time spent in this place.
 D = Time resting spent in this place.
 E = Time spent auto-exploring this place.
 F = Levels seen in this place.
 G = Mean time per level.
                   A        B        C        D        E       F      G
               +--------+--------+--------+--------+--------+-----+--------+
         Total |  15849 |  15129 |    720 |   4919 |   8132 |  13 | 1219.2 |
       Dungeon |  14624 |  13948 |    676 |   4360 |   7759 |  11 | 1329.5 |
        Temple |     45 |      1 |     44 |      0 |      0 |   1 |   45.0 |
        Bailey |   1179 |   1179 |      0 |    559 |    372 |   1 | 1179.0 |
               +--------+--------+--------+--------+--------+-----+--------+

Top non-repeatable levels by time:
    D:11: 2049 daAuts
     D:8: 1984 daAuts
     D:9: 1642 daAuts
    D:10: 1530 daAuts
     D:6: 1271 daAuts
     D:5: 1214 daAuts
     D:4: 1194 daAuts
     D:3: 1189 daAuts
  Bailey: 1179 daAuts
     D:1: 1045 daAuts
     D:2: 779 daAuts
     D:7: 723 daAuts
  Temple: 45 daAuts
